 Dungeon Crawl Stone Soup version 0.27-a0-1557-g57f10a385c (webtiles) character file.

Game seed: 14886285269480953015

96 elagabalus the Chopper (level 4, -1/48 HPs)
             Began as an Ogre Berserker on July 15, 2021.
             Was a Believer of Trog.
             Slain by a white imp (5 damage)
             ... summoned by Natasha
             ... on level 2 of the Dungeon on July 16, 2021.
             The game lasted 00:09:30 (1285 turns).

elagabalus the Chopper (Ogre Berserker)             Turns: 1285, Time: 00:09:31

Health: -1/48      AC:  3    Str: 22    XL:     4   Next: 67%
Magic:  4/4        EV: 10    Int:  8    God:    Trog [**....]
Gold:   38         SH:  0    Dex:  8    Spells: 3/3 levels left

rFire    . . .     SeeInvis .   h - +0 battleaxe
rCold    . . .     Faith    .   (shield currently unavailable)
rNeg     + . .     Spirit   .   b - +0 animal skin
rPois    .         Reflect  .   (helmet restricted)
rElec    .         Harm     .   (no cloak)
rCorr    .         Rampage  .   (gloves unavailable)
Will     .....                  (boots unavailable)
Stlth    +.........             (no amulet)
HPRegen  0.16/turn              c - ring of positive energy
MPRegen  0.09/turn              (no ring)

@: on berserk cooldown, slowed, very slow
A: large, unfitting armour, tough skin 1
a: Renounce Religion, Berserk, Trog's Hand


You were on level 2 of the Dungeon.
You worshipped Trog.
Trog was pleased with you.
You visited 1 branch of the dungeon, and saw 2 of its levels.

You collected 38 gold pieces.

Inventory:

Hand Weapons
 a - a +0 hand axe
 h - a +0 battleaxe (weapon)
Armour
 b - a +0 animal skin (worn)
Magical Staves
 f - a staff of death
Jewellery
 c - a ring of positive energy (left hand)
Potions
 d - a potion of curing {unknown}
 e - a potion of invisibility {unknown}
 g - a potion of resistance {unknown}


   Skills:
 - Level 4.0 Fighting
 + Level 5.3 Axes
 - Level 2.6 Dodging


You had 3 spell levels left.
You didn't know any spells.
Your spell library was empty.

Dungeon Overview and Level Annotations

Branches:
Dungeon (2/15)

Altars:

Annotations:
D:2 Natasha


Innate Abilities, Weirdness & Mutations

You are too large for most types of armour.
You have tough skin. (AC +1)


Message History

You are exhausted.
You feel yourself slow down.
You hear a zap.
You hear a grinding noise.
You hear a zap.
You hear a grinding noise.
You hear a zap.
You hear a grinding noise.
You hear a zap.
You hear a grinding noise.
Natasha, Servant of Life and Death comes into view.
She is carrying a wand of digging (1).
An endoplasm comes into view.
Found 12 poisoned darts.
Natasha casts a spell.
You slash Natasha!
Natasha is heavily wounded.
Natasha claws you but does no damage.
Natasha stares at you and mumbles some strange words.
The magic dart hits you!
You hit Natasha but do no damage.
Natasha is heavily wounded.
You hit the endoplasm but do no damage. You closely miss the white imp.
Natasha closely misses you. The white imp gestures at you.
The puff of frost hits you! The endoplasm closely misses you.
Natasha mumbles some strange words.
The white imp barely misses you. The endoplasm freezes you.
You are frozen.
You closely miss Natasha.
Natasha is heavily wounded.
You slash the endoplasm!
You kill the endoplasm!
Trog accepts your kill.
You closely miss the white imp. Natasha claws you but does no damage.
The white imp gestures at you. The puff of frost hits you!
* * * LOW HITPOINT WARNING * * *
Natasha claws you.
* * * LOW HITPOINT WARNING * * *
The white imp hits you.
* * * LOW HITPOINT WARNING * * *
The white imp freezes you.
You die...

....... .......
...(..J .......
######### .......
#........ .......
#####........
.......####
#..##........
#.....####..##.......†
##.##@......##..#.####
#. #h5.#...##..#...
#..#5#...####..#..#..
#...............#..# #
..###..#.##.<#####.#
.# #..##.###..#..#.# .
#..##.. ##....#..
#...#.#.#.....## ..
..# #..#..(#


You could see Natasha, a white imp (summoned) and a shadow imp (summoned).

Vanquished Creatures
  Natasha (twice) (D:2)
  A worm (D:2)
  A dart slug (D:1)
  4 ball pythons
  A bat (D:2)
  4 endoplasms
  5 goblins
  4 hobgoblins
  4 jackals (D:1)
  3 quokkas (D:1)
  A frilled lizard (D:2)
  6 kobolds (D:1)
  A rat (D:2)
37 creatures vanquished.

Notes
Turn   | Place    | Note
-------+----------+-------------------------------------------
     0 | D:1      | elagabalus the Ogre Berserker began the quest for the Orb.
     0 | D:1      | Reached XP level 1. HP: 24/24 MP: 1/1
   177 | D:1      | Reached XP level 2. HP: 23/32 MP: 2/2
   366 | D:1      | Reached skill level 4 in Axes
   376 | D:1      | Found a faded altar of an unknown god.
   523 | D:1      | Reached XP level 3. HP: 17/39 MP: 3/3
  1080 | D:2      | Noticed Natasha
  1087 | D:2      | Killed Natasha
  1088 | D:2      | Reached XP level 4. HP: 48/48 MP: 4/4
  1143 | D:2      | Reached ** piety under Trog
  1188 | D:2      | Reached skill level 5 in Axes
  1253 | D:2      | Noticed Natasha
  1258 | D:2      | Killed Natasha
  1279 | D:2      | Noticed Natasha
  1285 | D:2      | Slain by a white imp

Illustrated notes

Levels and vault maps discovered:
D:1:      onia_arrival_pyramid, layout_basic,
          dreamdust_ecumenical_altar_hidden_monk_grotto
D:2:      minmay_evil_eye, layout_rooms, uniq_sigmund, uniq_natasha

Skill      XL: |  1  2  3  4 |
---------------+-------------+-----
Axes           | 4 5 |  5.3
Fighting       | |  4.0
Dodging        | |  2.6

Action                   |  1- 3 |  4- 6 || total
-------------------------+-------+-------++-------
Melee: Hand axe          |    93 |    26 ||   119
       Battleaxe         |       |     5 ||     5
Invok: Berserk           |     5 |     2 ||     7
  Use: Scroll            |       |     1 ||     1
 Stab: Sleeping          |     1 |       ||     1
Armor: Animal skin       |    21 |     5 ||    26
Dodge: Dodged            |    29 |    13 ||    42

Table legend: (Time is in decaauts)
 A = Elapsed time spent in this place.
 B = Non-inter-level travel time spent in this place.
 C = Inter-level travel time spent in this place.
 D = Time resting spent in this place.
 E = Time spent auto-exploring this place.
 F = Levels seen in this place.
 G = Mean time per level.
                   A        B        C        D        E       F      G
               +--------+--------+--------+--------+--------+-----+--------+
         Total |   1355 |    396 |    959 |      0 |      0 |   2 |  677.5 |
       Dungeon |   1355 |    396 |    959 |      0 |      0 |   2 |  677.5 |
               +--------+--------+--------+--------+--------+-----+--------+

Top non-repeatable levels by time:
     D:1: 1111 daAuts
     D:2: 243 daAuts
